 Dungeon Crawl Stone Soup version 0.19-a0-1850-g63fd1ff (webtiles) character file.

32 Psiweapon the Chopper (level 3, 21/31 HPs)
             Began as a Hill Orc Abyssal Knight on Oct 10, 2016.
             Was a Follower of Lugonu.
             Quit the game on level 1 of the Dungeon.
             The game lasted 00:01:32 (802 turns).

Psiweapon the Chopper (Hill Orc Abyssal Knight)      Turns: 802, Time: 00:01:33

Health: 21/31      AC:  3    Str: 14    XL:     3   Next: 27%
Magic:  4/4        EV: 11    Int: 14    God:    Lugonu [*.....]
Gold:   59         SH:  0    Dex: 11    Spells: 0 memorised, 2 levels left

rFire  . . .     SeeInvis .     a - +1 hand axe
rCold  . . .     Gourm    .     b - +0 leather armour
rNeg   . . .     Faith    .     (no shield)
rPois  +         Spirit   .     (no helmet)
rElec  .         Dismiss  .     (no cloak)
rCorr  .         Reflect  .     (no gloves)
MR     .....     Harm     .     (no boots)
Stlth  +.........               (no amulet)
                                h - ring of poison resistance
                                d - +2 ring of intelligence

@: no status effects
A: no striking features
a: Depart the Abyss, Renounce Religion


You were on level 1 of the Dungeon.
You worshipped Lugonu.
Lugonu was aware of your devotion.
You were not hungry.

You visited 1 branch of the dungeon, and saw 2 of its levels.
You visited the Abyss 1 time.

You collected 59 gold pieces.

Inventory:

Hand Weapons
 a - a +1 hand axe (weapon)
Armour
 b - a +0 leather armour (worn)
Jewellery
 d - a +2 ring of intelligence (left hand)
 h - a ring of poison resistance (right hand)
Scrolls
 e - 3 scrolls of remove curse {unknown}
Potions
 f - 3 potions of brilliance {unknown}
 i - a potion of haste {unknown}
Comestibles
 c - a bread ration
 j - a beef jerky


   Skills:
 - Level 3.6 Fighting
 + Level 4.8 Axes
 - Level 2.1 Armour
 - Level 0.7 Dodging
 - Level 2.4 Invocations


You had 2 spell levels left.
You didn't know any spells.

Dungeon Overview and Level Annotations

Branches:
Dungeon (2/15)

Altars:


Message History

You closely miss the goblin. You closely miss the hobgoblin.
The hobgoblin hits you but does no damage.
The goblin barely misses you.
You closely miss the goblin. You hit the hobgoblin but do no damage.
The hobgoblin closely misses you. The goblin hits you.
You barely miss the hobgoblin.
The hobgoblin is severely wounded.
You hit the goblin.
You kill the goblin!
Lugonu accepts your kill.
You can now depart the Abyss.
The hobgoblin hits you but does no damage.
You hit the hobgoblin.
You kill the hobgoblin!
Lugonu accepts your kill.
Things that are here:
a club; a robe; a hobgoblin corpse
Found 4 poisoned needles.
Are you sure you want to abandon this character and quit the game? (Confirm with "yes".)
Okay, then.
Are you sure you want to abandon this character and quit the game? (Confirm with "yes".)

### # #.. # # #.##
#># ## .#.# ....
#.##.#....#
###..###.......... #
.........@....#
..###.##....#....#
...............#....
......##.#.#.....#.#
.......)†....#.#.# .
...##..)..[....#.(.
.....#..........#.#
................. .#
.#.#.........####


There were no monsters in sight!

Vanquished Creatures
  A gnoll (D:1)
  2 dart slugs (D:1)
  2 bats (D:1)
  4 goblins (D:1)
  4 hobgoblins (D:1)
  3 kobolds (D:1)
16 creatures vanquished.

Notes
Turn   | Place    | Note
-------+----------+-------------------------------------------
     0 | Abyss:1  | Psiweapon the Hill Orc Abyssal Knight began the quest for the Orb.
     0 | Abyss:1  | Reached XP level 1. HP: 19/19 MP: 2/2
    85 | Abyss:1  | Noticed an ophan
    86 | D:1      | Escaped the Abyss
   159 | D:1      | Reached skill level 3 in Axes
   293 | D:1      | Reached XP level 2. HP: 20/26 MP: 3/3
   428 | D:1      | Reached skill level 4 in Axes
   754 | D:1      | Reached XP level 3. HP: 31/31 MP: 4/4
   794 | D:1      | Reached * piety under Lugonu
   802 | D:1      | Quit the game

Vault maps used:
D:1:      evilmike_arrival_hilbert_curve, st_stairs_6, minmay_box_of_dots
D:2:      lemuel_coloured_pillars_altar, minmay_misc_feat_pillars,
          hangedman_feature_mirror, minmay_misc_feat_square

Skill      XL: |  1  2 |
---------------+-------+-----
Axes           | 3 4 |  4.8
Fighting       | |  3.6
Armour         | |  2.1
Dodging        | |  0.7
Invocations    | |  2.4

Action                   || total
-------------------------++-------
Melee: Hand axe          ||    49
Invok: Depart the Abyss  ||     1
Armor: Leather armour    ||    12
Dodge: Dodged            ||    22
